Map: Radhuset Station LE

Players

BigCaca - Winner!

  • Race: Zerg Zerg
  • League: Platinum
  • Spawn Location: 1:00

Subwayeatn

  • Race: Zerg Zerg
  • League: Platinum
  • Spawn Location: 7:00

VOD

Have the link to the VOD?

Description

Time

  • Played on: Nov. 10, 2023, 5:14 p.m.
  • Length: 2:53
Show
View Real Time Build Order
Export as new Build Order

BigCaca Zerg - Winner!

Build Orders: 1 Base Baneling Bust, Pool Only 

Get SALT Encoding   

  12  0:19  Spawning Pool  
  11  0:22  Drone  
  12  0:30  Drone  
  12  0:31  Drone  
  14  0:39  Overlord  
  14  0:53  Extractor  
  13  1:07  Zergling x6  
  16  1:20  Zergling x2  
  16  1:21  Queen  
  19  1:30  Overlord  
  19  1:42  Zergling x2  
  20  1:54  Zergling x2  
  21  2:01  Baneling Nest  
  21  2:05  Zergling x2  
  21  2:16  Spine Crawler  
  18  2:34  Zergling x8  
Show
View Real Time Build Order
Export as new Build Order

Subwayeatn Zerg 

Build Orders: Hatch First 

Get SALT Encoding   

  12  0:00  Drone  
  13  0:12  Overlord  
  13  0:17  Drone  
  14  0:30  Drone  
  14  0:31  Drone  
  14  0:34  Drone  
  17  0:52  Hatchery  
  16  0:58  Drone  
  16  0:59  Drone  
  18  1:13  Spawning Pool  
  18  1:17  Drone  
  18  1:19  Drone  
  19  1:31  Drone  
  20  1:40  Overlord  
  20  2:00  Queen  
  22  2:04  Queen  
  22  2:05  Zergling x2  
  22  2:06  Zergling x2  
  22  2:08  Zergling x2  
  27  2:09  Spine Crawler  
  27  2:12  Spine Crawler  
Tags
 
Add a new tag
Caveats
  • Supply blocks, unpowered buildings, or Contaminate may cause inaccurate times.
  • Supply counts are checked every 10 seconds.